 Dungeon Crawl Stone Soup version 0.31-a0-152-g6aa68a64a1 (webtiles) character file.

Game seed: 15124743431685992541

113 qw the Shooter (level 4, -8/42 HPs)
             Began as a Naga Hunter on June 10, 2023.
             Mangled by an orc
             ... wielding a +0 morningstar
              (11 damage)
             ... on level 3 of the Dungeon.
             The game lasted 00:00:47 (2267 turns).

qw the Shooter (Naga Hunter)                        Turns: 2267, Time: 00:00:48

Health: -8/42      AC:  2    Str: 13    XL:     4   Next: 96%
Magic:  4/4        EV:  9    Int:  9    God:
Gold:   417        SH:  0    Dex: 17    Spells: 3/3 levels left

rFire   . . .        Y - +0 shortbow
rCold   . . .        (shield currently unavailable)
rNeg    . . .        c - +0 leather armour
rPois   +            (no helmet)
rElec   .            (no cloak)
rCorr   .            (no gloves)
SInv    +            (no barding)
Will    .....        (no amulet)
Stlth   ++           (no ring)
HPRegen 0.27/turn    (no ring)
MPRegen 0.09/turn

%: no passive effects
@: about to teleport, very slow
A: AC +1, large, see invisible, deformed body, poison resistance, slowness 2,
spit poison 1, naga tail 1
a: Spit Poison


You were on level 3 of the Dungeon.
You visited 1 branch of the dungeon, and saw 3 of its levels.

You collected 417 gold pieces.


Innate Abilities, Weirdness & Mutations

Your serpentine skin is tough. (AC +1)
You have supernaturally acute eyesight. (SInv)
Armour fits poorly on your strangely shaped body.
Your system is resistant to poisons. (rPois)
You cover ground very slowly.
You can spit poison.
You have a snake-like lower body.


   Skills:
 - Level 3.0 Fighting
 + Level 5.1 Ranged Weapons
 - Level 1.5 Dodging
 - Level 1.5 Stealth


You had 3 spell levels left.
You didn't know any spells.
Your spell library was empty.

Inventory:

Hand Weapons
 Y - a +0 shortbow (weapon)
Armour
 c - a +0 leather armour (worn)
Jewellery
 b - a ring of fire
Scrolls
 d - 3 scrolls of teleportation
 e - a scroll of identify
Potions
 a - a potion of invisibility {unknown}
 g - 2 potions of curing
 h - 2 potions of attraction {unknown}

Dungeon Overview and Level Annotations

Branches:
Dungeon (3/15)

Altars:

Shops:
D:3 *


Message History

You have got your breath back.
The orc hits you from afar with a +0 trident.
The orc barely misses you.
2261 ||| INVOKING Spit Poison.
Aiming: Spit Poison (1% risk of failure)
Press: ? - help, Shift-Dir - straight line, f/p - orc The splash of poison misses the orc.
The orc barely misses you.
The orc hits you from afar with a +0 trident.
You shoot an arrow.
The arrow hits the orc but does no damage.
The orc is severely wounded.
The orc hits you with a +0 short sword.
The orc hits you from afar with a +0 trident.
You shoot an arrow.
The arrow hits the orc but does no damage.
The orc is severely wounded.
The orc barely misses you. The orc closely misses you.
The orc barely misses you. The orc hits you but does no damage.
The orc closely misses you.
You shoot an arrow. The arrow hits the orc.
You kill the orc!
The orc hits you from afar with a +0 trident.
The orc hits you with a +0 morningstar. The orc hits you but does no damage.
The orc barely misses you.
You shoot an arrow. The arrow barely misses the orc.
The orc closely misses you.
The orc hits you with a +0 hand axe of freezing.
The orc freezes you. The orc closely misses you. The orc completely misses you.
You shoot an arrow.
The arrow hits the orc but does no damage.
You have got your breath back.
The orc closely misses you. The orc barely misses you.
The orc hits you with a +0 short sword. The orc barely misses you.
2267 ||| READING 4 scrolls of teleportation.
As you read the scroll of teleportation, it crumbles to dust.
You feel strangely unstable.
The orc hits you from afar with a +0 trident!
The orc hits you with a +0 morningstar!
You die...

#...#############.##...#
##..# #...%... #..#
####...# #..### ...##
#..#.. # ...##
#..#.#####.# ....#
#..#.#.....#.. .....#
#..#...o.....##.....#
#..#..@o\..# #.....#
#..#.#o).%.#
#..%)...o)....
##.###........ #..
......... ######.##....
.. .... .## #..


You could see 4 orcs.

Vanquished Creatures
  3 adders
  3 dart slugs
  5 orcs (D:3)
  12 endoplasms
  A giant cockroach (D:3)
  8 goblins
  4 hobgoblins
  2 jackals (D:1)
  9 kobolds
  5 quokkas
  2 ball pythons (D:2)
  5 bats
  5 frilled lizards
  7 rats
71 creatures vanquished.

Notes
Turn   | Place    | Note
-------+----------+-------------------------------------------
     0 | D:1      | qw the Naga Hunter began the quest for the Orb.
     0 | D:1      | Reached XP level 1. HP: 19/19 MP: 1/1
     0 | D:1      | 0 ||| qw: Version: 0.2-a-29-g767f381
     0 | D:1      | 0 ||| qw: Game counter: 3863
     0 | D:1      | 0 ||| qw: Always use a shield: true
     0 | D:1      | 0 ||| qw: God list: Okawaru
     0 | D:1      | 0 ||| qw: Allow faded altars: false
     0 | D:1      | 0 ||| qw: Do Orc after D:15 true
     0 | D:1      | 0 ||| qw: Do second Lair branch before Depths: true
     0 | D:1      | 0 ||| qw: Lair rune preference: random
     0 | D:1      | 0 ||| qw: Plans: Normal, Zot:1-4, Slime:5, God:TSO, Crypt,
                  | Tomb, Abyss, Pan, Hells, Win
     0 | D:1      | 0 ||| PLANNING D:1-11
   143 | D:1      | 143 ||| INVOKING Spit Poison.
   154 | D:1      | 154 ||| INVOKING Spit Poison.
   155 | D:1      | Reached skill level 4 in Ranged Weapons
   155 | D:1      | Reached XP level 2. HP: 26/26 MP: 2/2
   194 | D:1      | 194 ||| INVOKING Spit Poison.
   200 | D:1      | 200 ||| INVOKING Spit Poison.
   296 | D:1      | 296 ||| INVOKING Spit Poison.
   367 | D:1      | 367 ||| INVOKING Spit Poison.
   483 | D:1      | Reached XP level 3. HP: 32/32 MP: 3/3
   512 | D:1      | 512 ||| INVOKING Spit Poison.
   515 | D:1      | 515 ||| INVOKING Spit Poison.
   944 | D:1      | 944 ||| READING scroll labelled SUXKUONOIW.
   945 | D:1      | 945 ||| READING 3 scrolls labelled SAFROUBL SUHEC.
   946 | D:1      | 946 ||| READING scroll labelled SOIT GEUSCH.
   947 | D:1      | 947 ||| READING 2 scrolls of identify.
   947 | D:1      | 947 ||| IDENTIFYING silvery potion
   948 | D:1      | 948 ||| DROPPING scroll of butterflies.
   961 | D:2      | 961 ||| INVOKING Spit Poison.
   998 | D:2      | 998 ||| INVOKING Spit Poison.
  1063 | D:2      | 1063 ||| INVOKING Spit Poison.
  1075 | D:2      | 1075 ||| INVOKING Spit Poison.
  1081 | D:2      | 1081 ||| INVOKING Spit Poison.
  1171 | D:2      | 1171 ||| INVOKING Spit Poison.
  1207 | D:2      | 1207 ||| INVOKING Spit Poison.
  1211 | D:2      | 1211 ||| INVOKING Spit Poison.
  1239 | D:2      | 1239 ||| INVOKING Spit Poison.
  1243 | D:2      | 1243 ||| STAIRDANCE
  1245 | D:1      | 1245 ||| INVOKING Spit Poison.
  1249 | D:1      | 1249 ||| INVOKING Spit Poison.
  1251 | D:1      | Reached skill level 5 in Ranged Weapons
  1251 | D:1      | Reached XP level 4. HP: 14/39 MP: 4/4
  1359 | D:2      | 1359 ||| INVOKING Spit Poison.
  1365 | D:2      | 1365 ||| INVOKING Spit Poison.
  1369 | D:2      | 1369 ||| INVOKING Spit Poison.
  1472 | D:2      | 1472 ||| Stepping ~*~*~tactically~*~*~ (outnumbered).
  1479 | D:2      | 1479 ||| INVOKING Spit Poison.
  1559 | D:2      | 1559 ||| INVOKING Spit Poison.
  1590 | D:2      | 1590 ||| INVOKING Spit Poison.
  1678 | D:2      | 1678 ||| INVOKING Spit Poison.
  1684 | D:2      | 1684 ||| INVOKING Spit Poison.
  1994 | D:2      | 1994 ||| READING scroll labelled KOZAOTZAXAI.
  1994 | D:2      | Identified a scroll of acquirement
  1994 | D:2      | 1994 ||| ACQUIRING 327 gold pieces
  1994 | D:2      | Acquired 327 gold pieces
  1996 | D:2      | 1996 ||| READING 3 scrolls labelled LAEQIG SIUH.
  2008 | D:3      | 2008 ||| INVOKING Spit Poison.
  2025 | D:3      | 2025 ||| INVOKING Spit Poison.
  2040 | D:3      | 2040 ||| INVOKING Spit Poison.
  2046 | D:3      | Found a faded altar of an unknown god.
  2062 | D:3      | 2062 ||| INVOKING Spit Poison.
  2070 | D:3      | 2070 ||| INVOKING Spit Poison.
  2089 | D:3      | 2089 ||| INVOKING Spit Poison.
  2199 | D:3      | 2199 ||| INVOKING Spit Poison.
  2203 | D:3      | 2203 ||| INVOKING Spit Poison.
  2235 | D:3      | 2235 ||| INVOKING Spit Poison.
  2238 | D:3      | 2238 ||| INVOKING Spit Poison.
  2239 | D:3      | Reached skill level 3 in Fighting
  2243 | D:3      | 2243 ||| INVOKING Spit Poison.
  2249 | D:3      | 2249 ||| INVOKING Spit Poison.
  2251 | D:3      | Found Guir's Assorted Antiques.
  2256 | D:3      | 2256 ||| INVOKING Spit Poison.
  2261 | D:3      | 2261 ||| INVOKING Spit Poison.
  2266 | D:3      | HP: 10/42 [orc/+0 short sword (4)]
  2267 | D:3      | 2267 ||| READING 4 scrolls of teleportation.
  2267 | D:3      | HP: 3/42 [orc/+0 trident (8)]
  2267 | D:3      | Mangled by an orc

Levels and vault maps discovered:
D:1:      amcnicky_arrival_wind_blow, layout_basic,
          chequers_serial_rivers_small_b
D:2:      layout_basic
D:3:      layout_loops_ring, fedhas_altar_fruit_tree, serial_shops,
          nicolae_shop_overgrown_old_shop, hellmonk_ecumenical_altar_arch_garden

Skill      XL: |  1  2  3  4 |
---------------+-------------+-----
Ranged Weapons | 4 5 |  5.1
Fighting       | 3 |  3.0
Dodging        | |  1.5
Stealth        | |  1.5

Action                     |  1- 3 |  4- 6 || total
---------------------------+-------+-------++-------
   Fire: Shortbow          |    64 |    66 ||   130
Ability: Spit Poison       |    19 |    22 ||    41
    Use: Scroll            |     4 |     3 ||     7
 Armour: Leather armour    |     6 |     4 ||    10
  Dodge: Dodged            |    13 |    21 ||    34

Table legend:
 A = Non-vault XP
 B = Vault XP
 C = Vault XP percentage of total XP
 D = Non-vault monster count
 E = Vault monster count
 F = Vault count percentage of total count
                 A         B        C        D         E       F
            +---------+---------+-------+---------+---------+-------
      Total |     162 |       0 |   0.0 |      71 |       0 |   0.0
            +---------+---------+-------+---------+---------+-------
        D:1 |      53 |       0 |   0.0 |      24 |       0 |   0.0
        D:2 |      62 |       0 |   0.0 |      23 |       0 |   0.0
        D:3 |      47 |       0 |   0.0 |      24 |       0 |   0.0
            +---------+---------+-------+---------+---------+-------
